 Dungeon Crawl Stone Soup version 0.18.1-48-g4cf74bf (webtiles) character file.

46 Matyi1199 the Magician (level 3, -3/32 HPs)
             Began as a Naga Wanderer on June 24, 2016.
             Slain by a worm (6 damage)
             ... on level 2 of the Dungeon.
             The game lasted 00:09:22 (1077 turns).

Matyi1199 the Magician (Naga Wanderer)              Turns: 1077, Time: 00:09:23

Health: -3/32      AC:  4    Str: 14    XL:     3   Next: 66%
Magic:  7/7        EV:  7    Int: 13    God:
Gold:   48         SH:  0    Dex: 10    Spells: 0 memorised, 8 levels left

rFire  . . .     SeeInvis +     k - +1 short sword (speed)
rCold  . . .     Gourm    .     l - +0 scale mail
rNeg   . . .     Faith    .     (no shield)
rPois  +         Spirit   .     (no helmet)
rElec  .         Dismiss  .     (no cloak)
rCorr  .         Reflect  .     (no gloves)
SustAt .         Harm     .     (no barding)
MR     .....                    (no amulet)
Stlth  +.........               (no ring)
                                (no ring)

@: very slow, not resistant to hostile enchantments, very unstealthy
A: see invisible, deformed body, poison resistance, slowness 2, slow metabolism
1, spit poison 2, AC +1
a: Spit Poison


You were on level 2 of the Dungeon.
You were not hungry.

You visited 1 branch of the dungeon, and saw 2 of its levels.

You collected 48 gold pieces.

Inventory:

Hand Weapons
 a - a +2 spear
 k - a +1 short sword of speed (weapon)
Armour
 d - a +0 robe
 l - a +0 scale mail (worn)
Scrolls
 c - a scroll of teleportation
 e - 2 scrolls of remove curse
 h - a scroll of enchant armour {unknown}
 j - a scroll of enchant weapon {unknown}
 n - a scroll of identify {unknown}
Potions
 b - a potion of lignification
 m - 2 potions of invisibility {unknown}
Comestibles
 f - a bread ration
 g - a royal jelly
 i - a slice of pizza


   Skills:
 + Level 2.0 Fighting
 + Level 0.8 Polearms
 + Level 1.0 Throwing
 + Level 0.2 Armour
 + Level 1.9 Dodging
 + Level 2.1 Stealth
 + Level 3.4 Spellcasting
   Level 1.0 Charms
   Level 1.0 Fire Magic


You had 8 spell levels left.
You didn't know any spells.

Dungeon Overview and Level Annotations

Branches:
Dungeon (2/15)

Altars:


Innate Abilities, Weirdness & Mutations

You cannot wear boots.
Your serpentine skin is tough (AC +1).
You have supernaturally acute eyesight.
Armour fits poorly on your strangely shaped body.
Your system is resistant to poisons.
You cover ground very slowly.
You have a slow metabolism.
You can spit poison.


Message History

The worm barely misses you.
You hit the worm.
The worm is heavily wounded.
Your scale mail prevents you from hitting the worm.
The worm is heavily wounded.
The worm completely misses you.
You barely miss the worm.
The worm is heavily wounded.
You hit the worm.
The worm is severely wounded.
The worm bites you!
* * * LOW HITPOINT WARNING * * *
As you read the scroll of fog, it crumbles to dust.
The scroll dissolves into smoke.
You hit the worm but do no damage.
The worm is heavily wounded.
You hit the worm.
The worm is severely wounded.
The worm bites you.
You die...

###.#....###.#
#.#...## #.# #.###.#
#.# #.# #.# #.# #.#
#.# #.# #.# #.#
#.######## ###.# #.#
#........## ....###.#
#.######§.# #.....).#
##..§§@ww§(#
#.##..(##.....§§###§.#
#.#...(.......###....#
...#..(##...###....$.#
...)..###.###!.......#
...#### #. ###.$....#
...# # ###....# ...#
###..# ...# ...#


You could see 2 worms.

Vanquished Creatures
  An adder (D:2)
  An ooze (D:1)
  5 bats
  A giant cockroach (D:1)
  11 goblins
  A hobgoblin (D:1)
  A ball python (D:1)
  A giant newt (D:1)
  7 kobolds
  3 rats
  A plant (D:1)
33 creatures vanquished.

Notes
Turn   | Place    | Note
--------------------------------------------------------------
     0 | D:1      | Matyi1199 the Naga Wanderer began the quest for the Orb.
     0 | D:1      | Matyi1199 set off with: a +2 spear, a potion of lignification, a potion of curing, a +0 robe, a bread ration
     0 | D:1      | Reached XP level 1. HP: 19/19 MP: 4/4
   140 | D:1      | Reached XP level 2. HP: 11/26 MP: 6/6
   540 | D:1      | Reached XP level 3. HP: 22/32 MP: 7/7
  1077 | D:2      | Slain by a worm

Skill      XL: |  1  2  3 |
---------------+----------+-----
Stealth        | 2 |  2.1
Fighting       | |  2.0
Polearms       | |  0.8
Throwing       | |  1.0
Armour         | |  0.2
Dodging        | |  1.9
Spellcasting   | |  3.4
Charms         | |  1.0
Fire Magic     | |  1.0

Action                   || total
-------------------------++-------
Melee: Spear             ||   139
       Short sword       ||    66
  Use: Scroll            ||     5
       Potion            ||     1
  Eat: Bread ration      ||     1
Armor: Robe              ||    19
       Scale mail        ||    40
Dodge: Dodged            ||    90
